 Dungeon Crawl Stone Soup version 0.28.0-49-g6dfe1f597d (webtiles) character file.

Game seed: 1476579612336234407

50 CryoSword the Digger (level 3, 0/28 HPs)
             Began as a Ghoul Earth Elementalist on May 12, 2022.
             Slain by a goblin
             ... wielding a +0 club
             ... led by Robin
              (1 damage)
             ... on level 2 of the Dungeon.
             The game lasted 00:02:45 (1912 turns).

CryoSword the Digger (Ghoul Earth Elementalist)     Turns: 1912, Time: 00:02:45

Health: 0/28       AC:  5    Str: 11    XL:     3   Next: 79%
Magic:  5/5        EV: 10    Int: 12    God:
Gold:   74         SH:  0    Dex:  9    Spells: 3/6 levels left

rFire   . . .      SeeInvis .   (no weapon)
rCold   + . .      Faith    .   (no shield)
rNeg    + + +      Spirit   .   f - +0 ring mail
rPois   ∞          Reflect  .   (no helmet)
rElec   .          Harm     .   (no cloak)
rCorr   .          Rampage  .   (no gloves)
Will    .....                   (no boots)
Stlth   +.........              (no amulet)
HPRegen 0.00/turn               (no ring)
MPRegen 0.09/turn               (no ring)

@: inhibited regen
A: claws 1, cold resistance 1, negative energy resistance 3, inhibited
regeneration, torment resistance 2
a: no special abilities


You were on level 2 of the Dungeon.
You visited 1 branch of the dungeon, and saw 2 of its levels.

You collected 74 gold pieces.

Inventory:

Missiles
 c - 6 stones
Armour
 f - a +0 ring mail (worn)
   (You found it on level 1 of the Dungeon)
Scrolls
 e - a scroll of teleportation {unknown}
Potions
 a - 2 potions of degeneration {unknown}
 d - a potion of lignification {unknown}


   Skills:
 + Level 1.0 Fighting
 - Level 2.0 Dodging
 + Level 2.6 Stealth
 - Level 2.0 Spellcasting
 * Level 1.2 Conjurations
 - Level 0.8 Transmutations
 * Level 3.8 Earth Magic


You had 3 spell levels left.
You knew the following spells:

 Your Spells              Type           Power      Damage    Failure   Level
a - Sandblast             Erth           20%        2d7       14%         1
P - Passwall              Tmut/Erth      5%         N/A       36%         2

Your spell library contained the following spells:

 Spells                   Type           Power      Damage    Failure   Level
 Stone Arrow              Conj/Erth      14%        3d7       56%         3
 Ensorcelled Hibernation  Hex/Ice        2%         N/A       69%         2
 Petrify                  Tmut/Erth      6%         N/A       94%         4
 Anguish                  Hex/Necr       0%         N/A       100%        4
 Spider Form              Tmut/Pois      Unusable   N/A       N/A         3

Dungeon Overview and Level Annotations

Branches:
Dungeon (2/15)

Altars:

Annotations:
D:2 Robin


Innate Abilities, Weirdness & Mutations

You thrive by killing the living.
You are immune to poison.
You have sharp fingernails.
Your flesh is cold resistant. (rC+)
You are immune to negative energy. (rN+++)
You do not regenerate when monsters are visible.
You are immune to unholy pain and torment.


Message History

You scratch the dart slug.
The endoplasm quivers.
The dart slug barely misses you.
Aim: a dart slug (heavily wounded, 100% to hit)
The blast of sand hits the dart slug.
Aim: a dart slug (severely wounded, 100% to hit)
The blast of sand hits the dart slug.
The dart slug bites you.
Aim: a dart slug (almost dead, 100% to hit)
The blast of sand hits the dart slug!
You kill the dart slug!
An endoplasm comes into view.
The endoplasm barely misses you.
You scratch the endoplasm. The endoplasm freezes you.
You are frozen.
You resist.
You completely miss the endoplasm. The endoplasm freezes you.
You are frozen.
You resist.
You scratch the endoplasm.
You kill the endoplasm!
You feel better.
Found 3 gold pieces.
You scratch the endoplasm. The endoplasm barely misses you.
You scratch the endoplasm.
You kill the endoplasm!
You feel better.
No target in view!
No target in view!
A giant cockroach comes into view.
A giant cockroach is nearby!
A giant cockroach is nearby!
A giant cockroach is nearby!
A kobold comes into view. It is wielding a +0 club.
The kobold shouts!
The giant cockroach bites you but does no damage.
The kobold throws a stone.
The stone completely misses you.
You barely miss the giant cockroach. The giant cockroach barely misses you.
The kobold throws a stone.
The stone barely misses you.
The giant cockroach bites you but does no damage.
You scratch the giant cockroach.
You kill the giant cockroach!
The kobold throws a stone.
The stone closely misses you.
You closely miss the kobold. The kobold hits you but does no damage.
You closely miss the kobold. The kobold hits you with a +0 club.
You scratch the kobold. The kobold barely misses you.
You scratch the kobold.
You kill the kobold!
No target in view!
c - 9 stones (gained 1)
You now have 74 gold pieces (gained 3).
You see here a +0 club.
An adder comes into view.
The adder hisses angrily.
An adder is nearby!
An adder is nearby!
A rat comes into view.
The rat moves out of view.
Aim: an adder (66% to hit)
The blast of sand misses the adder.
The adder bites you but does no damage. The adder barely misses you.
Aim: an adder (66% to hit)
The blast of sand misses the adder.
The adder bites you.
Aim: an adder (66% to hit)
You miscast Sandblast.
You are very lightly contaminated with residual magic.
Nothing appears to happen.
The adder misses you.
Unknown command.
Aim: an adder (66% to hit)
The blast of sand misses the adder.
The adder bites you.
You barely miss the adder. The adder completely misses you.
The adder barely misses you.
You scratch the adder. The adder bites you but does no damage.
You closely miss the adder. The adder misses you.
The adder bites you but does no damage.
Your magical contamination has completely faded away.
The adder closely misses you. The adder bites you but does no damage.
You barely miss the adder. The adder completely misses you.
The adder closely misses you.
You scratch the adder. The adder bites you but does no damage.
You scratch the adder. The adder bites you but does no damage.
You barely miss the adder. The adder barely misses you. x2
You scratch the adder. The adder bites you but does no damage.
You scratch the adder.
You kill the adder!
Training target 2.0 for Spellcasting reached!
Your Fighting skill increases to level 1!
Your Spellcasting skill increases to level 2!
You closely miss the rat. The rat bites you.
You scratch the rat but do no damage. The rat bites you.
You scratch the rat.
You kill the rat!
You feel better.
Things that are here:
a rat corpse; an adder corpse A goblin comes into view.
It is wielding a +0 dagger.
The goblin shouts!
You hear a shout!
You see here 12 gold pieces.
A goblin is nearby!
A goblin is nearby!
A goblin is nearby!
A goblin comes into view. It is wielding a +0 dagger.
The goblin shouts!
You hear a shout!
A goblin comes into view. It is wielding a +0 dagger.
You hear a shout! x2
A goblin comes into view. It is wielding a +0 club.
You miss the goblin. The goblin hits you with a +0 dagger.
You barely miss the goblin. The goblin hits you with a +0 dagger.
You scratch the goblin.
You kill the goblin!
You feel better.
Robin of the Strong Arm comes into view.
They are wielding a +0 spear.
You closely miss the goblin.
Robin roars a battlecry!
The goblins go into a battle-frenzy!
The goblin misses you.
You scratch the goblin. Robin throws the goblin at you!
The goblin hits you with a +0 dagger. The goblin hits you with a +0 club.
You are too injured to fight recklessly!
A hobgoblin comes into view.
The goblin hits you with a +0 club.
The hobgoblin shouts!
The goblin closely misses you.
A goblin comes into view. It is wielding a +0 club.
You see here 12 gold pieces.
Found a scroll labelled DEOKIKHL IFEI.
A hobgoblin comes into view.
Robin's horned helmet rattles.
Robin throws the goblin at you! The goblin hits you but does no damage.
Robin throws the goblin at you! The goblin hits you with a +0 dagger.
* * * LOW HITPOINT WARNING * * *
The goblin hits you with a +0 dagger.
* * * LOW HITPOINT WARNING * * *
The goblin closely misses you. The goblin hits you with a +0 dagger.
* * * LOW HITPOINT WARNING * * *
The goblin barely misses you. The goblin barely misses you.
The goblin no longer looks unusually strong.
The goblin hits you with a +0 dagger.
* * * LOW HITPOINT WARNING * * *
The goblin no longer looks unusually strong. x2
Robin says, "Duck!"
Robin roars a battlecry!
The goblins go into a battle-frenzy!
Robin throws the goblin at you! The goblin hits you with a +0 club.
* * * LOW HITPOINT WARNING * * *
The goblin hits you with a +0 club.
You die...

######## .......######
######.##...###### ##
####...#.#...... ..#
#..†..).....#.####.####
#.##.........#.<......#
##.###........#.@.......
##.###........#g..#.#...
.#.##...........g....# .
.........g...g#...#.#...
..........g...g.........
......#.......#.........
....g#####.####..##.#.#.
..#.g# #.# #..# .#.#
..#..### #.# #... ..


You could see a hobgoblin (strong) and 4 goblins.

Vanquished Creatures
  An adder (D:2)
  2 dart slugs
  6 ball pythons (D:1)
  4 bats (D:1)
  6 endoplasms
  4 giant cockroaches
  5 goblins
  A frilled lizard (D:1)
  3 kobolds
  3 rats
35 creatures vanquished.

Notes
Turn   | Place    | Note
-------+----------+-------------------------------------------
     0 | D:1      | CryoSword the Ghoul Earth Elementalist began the quest for
                  | the Orb.
     0 | D:1      | Reached XP level 1. HP: 14/14 MP: 2/2
   373 | D:1      | Reached XP level 2. HP: 15/20 MP: 3/3
   506 | D:1      | Learned a level 2 spell: Passwall
  1275 | D:1      | Reached XP level 3. HP: 17/27 MP: 0/4
  1423 | D:1      | Reached skill level 1 in Conjurations
  1770 | D:2      | Reached skill level 1 in Fighting
  1878 | D:2      | Noticed Robin
  1911 | D:2      | HP: 1/28 [goblin/+0 club[Robin] (3)]
  1912 | D:2      | Slain by a goblin

Illustrated notes

Levels and vault maps discovered:
D:1:      psy_arrival_spokes, layout_loops_corners, st_stairs_10,
          minmay_misc_feat_four_crosses
D:2:      layout_loops_ring, shapermc_ecumenical_altar_gd, uniq_robin

Skill      XL: |  1  2  3 |
---------------+----------+-----
Dodging        | 2 |  2.0
Conjurations   | 1 |  1.2
Fighting       | 1 |  1.0
Spellcasting   | 2 |  2.0
Stealth        | |  2.6
Transmutations | |  0.8
Earth Magic    | |  3.8

Action                   || total
-------------------------++-------
Melee: Unarmed           ||   112
       Punch             ||     1
 Cast: Sandblast         ||    26
 Stab: Sleeping          ||     2
Armor: Robe              ||    23
       Ring mail         ||    12
Dodge: Dodged            ||   101
